 Dungeon Crawl Stone Soup version 0.31.0-4-g52a2dc7128 (webtiles) character file.

Game seed: 4502257309124314354

1372 Crownlay the Magician (level 8, -5/46 HPs)
             Began as an Octopode Earth Elementalist on Jan 22, 2024.
             Was an Initiate of Gozag.
             Slain by a wight
             ... wielding a +0 mace
              (7 damage)
             ... on level 7 of the Dungeon.
             The game lasted 00:07:22 (5633 turns).

Crownlay the Magician (Octopode Earth Elementalist) Turns: 5633, Time: 00:07:23

Health: -5/46      AC:  6    Str:  8    XL:     8   Next: 66%
Magic:  0/19       EV: 13    Int: 25    God:    Gozag
Gold:   228        SH:  0    Dex: 16    Spells: 17/21 levels left

rFire   . .          .
                       - Unarmed
rCold   . . .        (no shield)
rNeg    + . .        h - +1 hat
rPois   +            p - amulet of guardian spirit
rElec   .            l - ring "Surghuosu" {rPois rN+ Dex+4 Slay-4}
rCorr   +            e - ring of resist corrosion
SInv    +            n - +4 ring of protection
Will    .....        q - ring of see invisible
Stlth   +++          u - +6 ring of intelligence
HPRegen 0.27/turn    (no ring)
MPRegen 0.16/turn    (no ring)
                     (no ring)

%: guardian spirit
@: gold aura
A: almost no armour, amphibious, 8 rings, camouflage 1, gelatinous body 1,
(nimble swimmer 1), tentacles
a: Renounce Religion, Potion Petition, Call Merchant, Bribe Branch


You were on level 7 of the Dungeon.
You worshipped Gozag.
Gozag was aware of your devotion.
You visited 2 branches of the dungeon, and saw 8 of its levels.

You collected 326 gold pieces.
You paid 98 gold pieces to Gozag.

Inventory:

Armour
 h - a +1 hat (worn)
Jewellery
 e - a ring of resist corrosion (right tentacle)
 l - the ring "Surghuosu" (left tentacle) {rPois rN+ Dex+4 Slay-4}
   (You found it on level 3 of the Dungeon)

   [ring of positive energy]

   Dex+4:     It affects your dexterity (+4).
   Slay-4:    It affects your accuracy & damage with ranged weapons and melee
   (-4).
   rPois:     It protects you from poison rN+: It protects you from negative
   energy.
 n - a +4 ring of protection (on tentacle)
 p - an amulet of guardian spirit (around mantle)
 q - a ring of see invisible (on tentacle)
 u - a +6 ring of intelligence (on tentacle)
 y - a +4 ring of protection
Talismans
 A - a flux talisman
Wands
 m - a wand of flame (10)
 w - a wand of iceblast (15)
 x - a wand of polymorph (8)
Scrolls
 c - 2 scrolls of immolation {unknown}
 d - 4 scrolls of identify {unknown}
 f - a scroll of vulnerability {unknown}
 i - 6 scrolls of teleportation {unknown}
 j - a scroll of fog {unknown}
 k - 2 scrolls of noise {unknown}
 o - 2 scrolls of torment {unknown}
 t - a scroll of amnesia {unknown}
 B - a scroll of fear {unknown}
Potions
 a - a potion of magic
 b - 5 potions of curing {unknown}
 g - 4 potions of haste {unknown}
 r - 2 potions of heal wounds {unknown}
 s - a potion of mutation {unknown}
 v - 2 potions of might {unknown}
 z - 2 potions of degeneration {unknown}
 C - a potion of brilliance {unknown}


   Skills:
 - Level 2.0 Dodging
 - Level 2.6 Stealth
 + Level 3.8 Unarmed Combat
 * Level 7.3 Spellcasting
 - Level 1.0 Conjurations
 + Level 6.2 Earth Magic


You had 17 spell levels left.
You knew the following spells:

 Your Spells              Type           Power      Damage    Failure   Level
a - Sandblast             Erth           80%        2d17      1%          1
b - Stone Arrow           Conj/Erth      54%        3d10      4%          3

Your spell library contained the following spells:

 Spells                   Type           Power      Damage    Failure   Level
 Passwall                 Erth           40%        N/A       1%          3
 Mercury Vapours          Alch/Air       18%        N/A       10%         2
 Brom's Barrelling Bould  Conj/Erth      27%        2d5       14%         4
 Mephitic Cloud           Conj/Alch/Air  10%        N/A       17%         3
 Fugue of the Fallen      Necr           9%         N/A       19%         3
 Ozocubu's Armour         Ice            9%         N/A       19%         3
 Petrify                  Alch/Erth      24%        N/A       19%         4
 Manifold Assault         Tloc           9%         N/A       54%         4
 Freezing Cloud           Conj/Ice/Air   5%         6-21      83%         5


Dungeon Overview and Level Annotations

Branches:
Dungeon (7/15)             Temple (1/1) D:6

Altars:
Ashenzari
Cheibriados
Dithmenos
Elyvilon
Gozag
Hepliaklqana
Kikubaaqudgha
Makhleb
Nemelex Xobeh
Qazlal
Ru
Sif Muna
Trog
Uskayaw
Vehumet
Wu Jian
Xom
Yredelemnul
Zin

Annotations:
D:5 Grinder


Innate Abilities, Weirdness & Mutations

You cannot wear most types of armour.
You are amphibious.
You can wear up to eight rings at the same time.
Your skin changes colour to match your surroundings (Stealth+).
Your rubbery body absorbs attacks. (AC +1, EV +1)
((You are camouflaged when in or above water. (Stealth+)))
You have tentacles for arms and can constrict up to eight enemies at once.


Message History

The gnoll shouts!
The gnoll is no longer distracted by gold.
The orc is no longer distracted by gold.
The orc wizard misses you. The gnoll hits you but does no damage.
The orc hits you with a +0 whip.
Casting: Sandblast (safe; 1% risk of failure)
Confirm with . or Enter, or press ? or * to list all spells.
Aiming: Sandblast (safe; 1% risk of failure)
Press: ? - help, Shift-Dir - straight line, f - orc wizard
Aim: an orc wizard, wielding a +0 dagger and wearing a +0 robe (slightly transparent, 81% to hit)
The blast of sand hits the orc wizard but does no damage.
The wight closely misses you. The orc wizard misses you.
The orc hits you with a +0 whip.
The gnoll hits you from afar with a +0 spear.
* * * LOW HITPOINT WARNING * * *
The wight hits you but does no damage. The orc wizard closely misses you.
The orc barely misses you. The gnoll hits you but does no damage.
Casting: Sandblast (safe; 1% risk of failure)
Confirm with . or Enter, or press ? or * to list all spells.
Aiming: Sandblast (safe; 1% risk of failure)
Press: ? - help, Shift-Dir - straight line, f/p - orc wizard
Aim: an orc wizard, wielding a +0 dagger and wearing a +0 robe (slightly transparent, 81% to hit)
The blast of sand hits the orc wizard!!
You kill the orc wizard!
The wight is no longer distracted by gold.
The wight hits you with a +0 falchion!
* * * LOW HITPOINT WARNING * * *
The gnoll hits you from afar with a +0 spear.
* * * LOW HITPOINT WARNING * * *
The orc misses you.
Casting: Sandblast (safe; 1% risk of failure)
Confirm with . or Enter, or press ? or * to list all spells.
Aiming: Sandblast (safe; 1% risk of failure)
Press: ? - help, Shift-Dir - straight line, f - wight
Aim: a wight, wielding a +0 mace and wearing a +0 robe (85% to hit)
The blast of sand hits the wight!
The wight is heavily damaged.
The wight hits you with a +0 mace!
You die...
Your body crumbles into a pile of gold.

......#
>.....##
..........#..
.......#
#...........
.......##
#..........#
........#
#.........#
.......[##
#.....$..#
.........#
#..$.g.#
.........#
#.zgo.#
.........##
#z@$#
#<........#
##..#
#[........#
##.##
##........#
#..#
#.......#
##.###
##......##
##....##
#......##
#......#
###..###
##..#....#
##..##
##..####.[.#


You could see 2 wights, 2 gnolls and an orc.

Vanquished Creatures
  Sigmund (D:3)
  Eustachio (D:4)
  Duvessa (D:4)
  An ogre (D:6)
  A scorpion (D:6)
  A wight (D:7)
  Dowan (D:4)
  2 bombardier beetles
  A gnoll bouda (D:7)
  2 hounds (D:5)
  5 orc priests
  2 sleepcaps
  Ijyb (D:4)
  2 iguanas (D:4)
  3 orc wizards
  4 adders
  10 gnolls
  A dart slug (D:3)
  A ribbon worm (D:4)
  10 orcs
  5 ball pythons
  11 endoplasms
  7 giant cockroaches
  9 goblins
  12 hobgoblins
  A quokka (D:2)
  3 bats
  3 frilled lizards
  9 kobolds
  10 rats
121 creatures vanquished.

Notes
Turn   | Place    | Note
-------+----------+-------------------------------------------
     0 | D:1      | Crownlay the Octopode Earth Elementalist began the quest
                  | for the Orb.
     0 | D:1      | Reached XP level 1. HP: 11/11 MP: 3/3
   230 | D:1      | Reached XP level 2. HP: 10/17 MP: 1/5
   349 | D:1      | Found a faded altar of an unknown god.
   843 | D:2      | Reached XP level 3. HP: 21/21 MP: 2/7
  1203 | D:2      | Reached skill level 3 in Spellcasting
  1400 | D:2      | Reached XP level 4. HP: 27/27 MP: 7/9
  1864 | D:2      | Learned a level 3 spell: Stone Arrow
  1912 | D:3      | Found a snail-covered altar of Cheibriados.
  1931 | D:3      | Found a radiant altar of Vehumet.
  1932 | D:3      | Found a basalt altar of Yredelemnul.
  2078 | D:3      | Identified the ring "Surghuosu" {rPois rN+ Dex+4 Slay-4}
  2135 | D:3      | Noticed Sigmund
  2145 | D:3      | Killed Sigmund
  2146 | D:3      | Reached skill level 4 in Spellcasting
  2146 | D:3      | Reached XP level 5. HP: 22/31 MP: 4/11
  2146 | D:3      | Reached XP level 6. HP: 26/36 MP: 4/12
  2786 | D:4      | Reached skill level 5 in Spellcasting
  3244 | D:4      | Reached skill level 1 in Unarmed Combat
  3322 | D:4      | Noticed Duvessa
  3322 | D:4      | Noticed Dowan
  3535 | D:4      | Noticed Ijyb
  3540 | D:4      | Killed Ijyb
  3660 | D:4      | Noticed Eustachio
  3663 | D:4      | Killed Eustachio
  3664 | D:4      | Reached skill level 5 in Earth Magic
  3664 | D:4      | Reached XP level 7. HP: 38/41 MP: 10/15
  3821 | D:4      | Found a hide-covered altar of Uskayaw.
  3823 | D:4      | Found a hazy altar of Hepliaklqana.
  3823 | D:4      | Found a sacrificial altar of Ru.
  3825 | D:4      | Found a sparkling altar of Nemelex Xobeh.
  3898 | D:4      | Killed Duvessa
  3899 | D:4      | Reached skill level 6 in Spellcasting
  3900 | D:4      | Killed Dowan
  4021 | D:5      | Entered Level 5 of the Dungeon
  4370 | D:5      | Reached XP level 8. HP: 46/46 MP: 15/17
  4386 | D:5      | Noticed Grinder
  4615 | D:5      | Found an ornate altar of the Wu Jian Council.
  4694 | D:5      | Found an ancient bone altar of Kikubaaqudgha.
  5217 | D:6      | Found a staircase to the Ecumenical Temple.
  5220 | D:6      | Reached skill level 7 in Spellcasting
  5248 | Temple   | Entered the Ecumenical Temple
  5292 | Temple   | Became a worshipper of Gozag Ym Sagoz the Greedy
  5382 | D:6      | Found a white marble altar of Elyvilon.
  5632 | D:7      | HP: 1/46 [gnoll/+0 spear[a gnoll bouda] (2)]
  5633 | D:7      | Slain by a wight

Illustrated notes

Levels and vault maps discovered:
D:1:      beargit_arrival_greenhouse, layout_basic,
          hellmonk_ecumenical_altar_lost_god
D:2:      kennysheep_six_static_rooms, layout_loops_ring
D:3:      layout_rooms, nicolae_overflow_hidden_temple, uniq_sigmund
D:4:      layout_loops_ring, minitemple, st_stairs_3, uniq_duvessa, uniq_ijyb,
          uniq_eustachio
D:5:      layout_loops_ring, nicolae_wu_jian_immortal_techniques,
          lemuel_doored_altar, uniq_grinder
D:6:      layout_rooms, mainiacjoe_overflow_24_doors, minmay_temple_entry_trees
D:7:      layout_cave_pods, okawaru_humans, serial_column_ruins,
          column_ruins_courtyard_long, column_ruins_grid_3, column_ruins_grid_4,
          column_ruins_open_tiny, blue_anna_alchemist, sigmund_army,
          uniq_crazy_yiuf_cottage, uniq_pikel, uniq_maurice
Temple:   nicolae_temple_bog_church

Skill      XL: |  1  2  3  4  5  6  7  8 |
---------------+-------------------------+-----
Spellcasting   | 3 4 5 6 7 |  7.3
Earth Magic    | 4 5 6 |  6.2
Unarmed Combat | 1 2 3 |  3.8
Dodging        | |  2.0
Stealth        | |  2.6
Conjurations   | |  1.0

Action                     |  1- 3 |  4- 6 |  7- 9 || total
---------------------------+-------+-------+-------++-------
  Melee: Unarmed           |     5 |       |     5 ||    10
         Constrict         |     2 |       |     2 ||     4
         Punch             |     1 |       |       ||     1
         Tentacles         |       |       |     3 ||     3
   Cast: Sandblast         |    51 |    88 |    80 ||   219
 Armour: Skin              |    14 |    23 |    48 ||    85
  Dodge: Dodged            |    19 |    23 |    59 ||   101
